 Dungeon Crawl Stone Soup version 0.17-a0-1838-g891d947 (webtiles) character file.

506097 4thArraOfDagon the Impaler (level 22, -2/189 HPs)
             Began as a Centaur Berserker on Sept 14, 2015.
             Was the Champion of Zin.
             Slain by a death scarab (17 damage)
             ... on level 3 of the Tomb of the Ancients on Sept 15, 2015.
             The game lasted 03:23:04 (27298 turns).

4thArraOfDagon the Impaler (Centaur Berserker)     Turns: 27298, Time: 03:23:05

Health: -2/189     AC: 37    Str: 46    XL:     22   Next: 74%
Magic:  6/30       EV:  4    Int: 12    God:    Zin [******]
Gold:   3188       SH: 21    Dex: 14    Spells: 8 memorised, 13 levels left

rFire  . . .     SeeInvis +     u - +12 trident of Void {flame, rPois Str+6 Dex-5 SInv}
rCold  . . .     Clarity  .     l - +10 chain mail of Whack-A-Mole {Slay+3}
rNeg   + + +     SustAt   .     L - +4 shield {AC+3}
rPois  ∞         Gourm    .     k - +0 hat of Eshrugh {*Corrode Str+3 Int+2 Dex+3}
rElec  +         Spirit   .     a - +2 cloak
rCorr  .         Warding  .     N - +2 pair of gloves {Str+3}
rMut   .         Stasis   .     T - +0 centaur barding
MR     ++...                    z - amulet of the Twelve Songs {rN+ Regen+ Stlth+}
Stlth  ..........               U - ring of Virtue {rN+ Stlth+}
                                y - ring "Miar" {rElec rN+ MR+ Int-2 SInv}

@: brilliant, vitalised, short of breath, very slightly contaminated, repel
missiles, very quick, very resistant to hostile enchantments, extremely
unstealthy
A: hooves 3, horns 1, thin skeletal structure 1, deformed body, dopey 1, speed
2, low mp 1, spit poison 1, tough skin 3
a: Spit Poison, Donate Gold, Recite, Vitalisation, Imprison, Sanctuary, Cure All
Mutations, Renounce Religion
}: 6/15 runes: decaying, slimy, silver, golden, abyssal, gossamer


You were on level 3 of the Tomb of the Ancients.
You worshipped Zin.
Zin was exalted by your worship.
You were not hungry.

You visited 11 branches of the dungeon, and saw 55 of its levels.
You visited the Abyss 1 time.
You also visited: Ossuary and Ice Cave.

You collected 6395 gold pieces.
You spent 1780 gold pieces at shops.
You donated 1411 gold pieces to Zin.

Inventory:

Hand weapons
 h - a +9 demon trident of electrocution
 u - the +12 trident of Void (weapon) {flame, rPois Str+6 Dex-5 SInv}
   (You found it on level 6 of the Pits of Slime)

   It has been specially enchanted to burn those struck by it, causing extra
   injury to most foes and up to half again as much damage against particularly
   susceptible opponents.
   It affects your strength (+6).
   It affects your dexterity (-5).
   It protects you from poison.
   It lets you see invisible.
Missiles
 t - 3 throwing nets (quivered)
Armour
 a - a +2 cloak (worn)
 e - the cursed +1 chain mail of Contentment {MR+ Int+2, unknown}
   (You found it on level 3 of the Tomb of the Ancients)

   It affects your intelligence (+2).
   It affects your resistance to hostile enchantments.
   It has a curse placed upon it.
 k - the +0 hat of Eshrugh (worn) {*Corrode Str+3 Int+2 Dex+3}
   (You acquired it on level 5 of the Vaults)

   It affects your strength (+3).
   It affects your intelligence (+2).
   It affects your dexterity (+3).
   It may corrode your equipment when you take damage.
 l - the +10 chain mail of Whack-A-Mole (worn) {Slay+3}
   (You bought it in a shop on level 4 of the Orcish Mines)

   It affects your accuracy and damage with ranged weapons and melee attacks
   (+3).
 I - the cursed +1 plate armour of Gravity {rC++ Str+4 Dex-4}
   (You found it on level 3 of the Tomb of the Ancients)

   It affects your strength (+4).
   It affects your dexterity (-4).
   It greatly protects you from cold.
   It has a curse placed upon it.
 L - a +4 shield of protection (worn)
 N - a +2 pair of gloves of strength (worn)
 T - a +0 centaur barding (worn)
Magical staves
 j - an uncursed staff of energy {!a}
Rods
 A - a +5 lightning rod (12/12)
   (You found it on level 6 of the Pits of Slime)
Jewellery
 d - the amulet "Xofadeco" {Stasis +Fly Dex-3 Slay+6 Stlth-}
   (You took it off a deep elf knight on level 3 of the Elven Halls)

   [amulet of stasis]

   It prevents you from being teleported, slowed, hasted or paralysed.
   It affects your dexterity (-3).
   It affects your accuracy and damage with ranged weapons and melee attacks
   (+6).
   It lets you fly.
   It makes you less stealthy.
 g - the ring "Niolih" {SustAt rF+}
   (You found it on level 3 of the Tomb of the Ancients)

   [ring of sustain attributes]

   It sustains your strength, intelligence and dexterity.
   It protects you from fire.
 y - the ring "Miar" (left hand) {rElec rN+ MR+ Int-2 SInv}
   (You found it on level 3 of the Tomb of the Ancients)

   [ring of protection from magic]

   It affects your intelligence (-2).
   It insulates you from electricity.
   It protects you from negative energy.
   It affects your resistance to hostile enchantments.
   It lets you see invisible.
 z - the amulet of the Twelve Songs (around neck) {rN+ Regen+ Stlth+}
   (You took it off a deep elf high priest on level 3 of the Elven Halls)

   [amulet of regeneration]

   It protects you from negative energy.
   It increases your rate of regeneration.
   It makes you more stealthy.
 D - an uncursed ring of teleportation
 F - a +3 ring of evasion
 H - an uncursed ring of fire
 K - the amulet of Qifor {Ward rN+ Str+2 Int+2 Dex+4}
   (You found it on level 3 of the Tomb of the Ancients)

   [amulet of warding]

   It may prevent the melee attacks of summoned creatures.
   It affects your strength (+2).
   It affects your intelligence (+2).
   It affects your dexterity (+4).
   It protects you from negative energy.
 O - an uncursed ring of protection from cold
 U - the ring of Virtue (right hand) {rN+ Stlth+}
   (You found it on level 3 of the Crypt)

   [ring of positive energy]

   It protects you from negative energy.
   It makes you more stealthy.
 Z - an uncursed ring of wizardry
Magical devices
 b - a wand of digging (16)
 f - a wand of heal wounds (5)
 R - a wand of fire (10)
 V - a wand of teleportation (2)
 W - a wand of disintegration (10)
Scrolls
 n - 2 scrolls of fog
 q - a scroll of holy word
 s - 11 scrolls of remove curse
 v - 2 scrolls of blinking
 B - 3 scrolls of silence
 E - 4 scrolls of fear
 J - 8 scrolls of summoning
 M - 3 scrolls of recharging
Potions
 i - 7 potions of brilliance
 m - 3 potions of might
 o - a potion of cure mutation
 p - 15 potions of curing
 r - 6 potions of ambrosia
 w - a potion of agility
 x - a potion of heal wounds
 G - 2 potions of magic
 Q - a potion of resistance
 X - a potion of invisibility
Miscellaneous
 Y - a sack of spiders {used: 4}
Comestibles
 c - 15 bread rations
 C - 13 meat rations


   Skills:
 - Level 14.2 Fighting
 - Level 19.0 Polearms
 - Level 12.0 Armour
 - Level 5.6 Dodging
 - Level 15.0 Shields
 - Level 8.3 Spellcasting
 - Level 4.0 Charms
 * Level 3.6 Summonings
 - Level 10.0 Translocations
 - Level 4.1 Air Magic
 * Level 13.9 Invocations
 - Level 7.7 Evocations


You had 13 spell levels left.
You knew the following spells:

 Your Spells              Type           Power        Failure   Level  Hunger
a - Apportation           Tloc           #####.....   1%          1    None
b - Repel Missiles        Chrm/Air       ###...       1%          2    None
c - Spectral Weapon       Hex/Chrm       ###.....     6%          3    ##.....
d - Swiftness             Chrm/Air       ###.....     1%          2    None
e - Silence               Hex/Air        ###.......   63%         5    #####..
f - Blink                 Tloc           N/A          1%          2    None
g - Passage of Golubria   Tloc           N/A          1%          4    ####...
h - Summon Forest         Summ/Tloc      ####......   11%         5    #####..


Dungeon Overview and Level Annotations

Branches:
Dungeon (14/15)            Temple (1/1) D:6            Lair (8/8) D:11
  Swamp (4/4) Lair:3       Spider (4/4) Lair:6        Slime (6/6) Lair:8
    Orc (4/4) D:10            Elf (3/3) Orc:3        Vaults (5/5) D:14
  Crypt (3/3) Vaults:3       Tomb (3/3) Crypt:3

Altars:
Ashenzari
Dithmenos
Fedhas
Gozag
Kikubaaqudgha
Okawaru
Ru
Sif Muna
Trog
Vehumet
Xom
Yredelemnul
Zin
Beogh
Jiyva

Shops:
D:14 ?   Orc:1 }   Orc:3 [   Orc:4 [([[   Elf:1 :   Elf:2 %   Vaults:4 (

Annotations:
Elf:2 2 runed doors


Innate Abilities, Weirdness & Mutations

You have hooves in place of feet.
Armour fits poorly on your strangely shaped body.
You cover ground very quickly.
You have extremely tough skin (AC +3).
You have a pair of small horns on your head.
You have a somewhat thin skeletal structure (Dex +2, Stealth).
You are dopey. (Int -2)
Your magical capacity is low (-10% MP).
You can spit weak poison.


Message History

The guardian mummy is almost destroyed.
You block the death scarab's attack.
The anubis guard howls a hunting cry!
The emperor scorpion is engulfed in negative energy.
The emperor scorpion is drained!
The greater mummy points at you and mumbles some strange words.
Something smites you!
* * * LOW HITPOINT WARNING * * *
Unknown command.
Unknown command.
Read which item? (? for menu, Esc to quit)
Your recitation is interrupted.
You feel short of breath.
Blink to where?
Press: ? - help, Dir - move target cursor
As you read the scroll of blinking, it crumbles to dust.
Unknown command.
Unknown command.
You block the death scarab's attack. The death scarab bites you!
You die...

..[$$.......#§§8§..#.............
)$$$$$......#.§H§..#...=......)):
$$$$$$(....^#..§§..#.^.....^..)|:
$$$$.$$.....#..§§..#^...)...[})[)
#.$[$.$.....#..§§..#...?....|:[}#
##$.$$$$....#..§§..#.†..^.)())|##
##$$$$".^^##..§B..##.......|:##
##[......##..BB..##....^.)[##
##....####...@.)####....)##
###### ######## #######


You could see an anubis guard and 3 death scarabs.

Vanquished Creatures
  the royal jelly (Slime:6)
  4 ancient liches
  Boris (Vaults:5)
  Frederick (Tomb:1)
  Saint Roka (Vaults:5)
  A golden dragon (shapeshifter) (Vaults:5)
  2 bone dragons (Crypt:3)
  Jorgrun (Elf:3)
  3 tentacled monstrosities (Vaults:5)
  Rupert (Spider:1)
  2 liches
  3 titans (Vaults:5)
  15 acid blobs
  2 quicksilver dragons (Vaults:5)
  A deep elf master archer (Elf:3)
  10 ancient champions
  A thorn hunter (Swamp:2)
  5 tengu reavers (Vaults:5)
  2 shadow dragons (Vaults:5)
  Kirke (D:14)
  A tentacled starspawn (Abyss:4)
  5 storm dragons (Vaults:5)
  4 frost giants (Vaults:5)
  4 revenants
  13 azure jellies
  Donald (Elf:2)
  9 vault wardens
  8 ghost moths
  6 fire giants
  Aizul (Swamp:4)
  3 emperor scorpions (Spider:4)
  7 deep elf sorcerers (Elf:3)
  A curse skull (Crypt:3)
  3 very ugly things
  A ghoul (Crypt:1)
  10 ironheart preservers
  3 war gargoyles (Vaults:5)
  9 stone giants
  Nessos (D:14)
  A vampire knight (Crypt:1)
  8 deep elf demonologists
  A salamander stormcaller (Vaults:5)
  A dire elephant (shapeshifter) (Vaults:5)
  A purple draconian (Abyss:3)
  9 deep elf annihilators (Elf:3)
  2 crystal guardians (Elf:3)
  2 eidola (Crypt:3)
  4 ettins (Vaults:5)
  Snorg (Orc:3)
  8 jiangshi
  A fire dragon (Vaults:3)
  3 deep elf death magi
  A small abomination (Elf:1)
  27 vault guards
  8 mummy priests
  4 great orbs of eyes
  9 yaktaur captains
  A minotaur (shapeshifter) (Vaults:5)
  A quicksilver dragon zombie (Crypt:3)
  9 ogre magi
  7 death oozes
  Fannar (D:11)
  An entropy weaver (Spider:2)
  4 deep elf high priests
  6 hydras
  3 ice dragons (Swamp:4)
  2 death knights
  A centaur warrior (D:14)
  2 alligators (Swamp:4)
  2 dancing weapons (D:14)
  5 thrashing horrors (Abyss:4)
  4 death yaks (Lair:8)
  2 orc high priests
  2 vampire magi
  21 deep elf knights
  A soul eater (Crypt:3)
  8 spriggans
  A fire crab (Vaults:5)
  3 wretched stars (Abyss:4)
  11 death scarabs (Tomb:3)
  3 ice devils
  8 skeletal warriors
  A spatial maelstrom (Abyss:4)
  An anaconda zombie (Crypt:1)
  5 flayed ghosts
  8 wizards (D:13)
  4 phantasmal warriors
  4 shadow wraiths
  2 spriggan druids
  A deep troll (Vaults:5)
  An unseen horror (Vaults:1)
  10 deep elf summoners
  2 giant orange brains
  A golden dragon skeleton (Crypt:3)
  4 ice statues (IceCv)
  4 anubis guards
  Pikel (D:9)
  3 harpies (D:14)
  6 ironbrand convokers
  2 swamp dragons
  11 orb spiders
  4 hill giants (Vaults:5)
  12 wolf spider zombies
  5 shining eyes
  6 orc sorcerers
  18 deep elf conjurers
  5 orc knights
  24 wolf spiders
  4 necromancers
  A frost giant zombie (Crypt:1)
  A faun (shapeshifter) (Vaults:5)
  8 ugly things
  A fire giant zombie (Abyss:3)
  A moth of wrath (Spider:2)
  4 cyclopes
  9 hornets
  5 black mambas
  10 elephants
  A worldbinder (Abyss:4)
  Maurice (D:8)
  An apocalypse crab (Abyss:4)
  11 vault sentinels
  A guardian serpent (Lair:8)
  A smoke demon (Abyss:4)
  2 gargoyles
  A torpor snail (Spider:2)
  A guardian serpent (shapeshifter) (Vaults:5)
  4 eyes of devastation
  A shock serpent skeleton (Crypt:1)
  12 yaktaurs
  A grey draconian zombie (Crypt:3)
  8 komodo dragons
  20 spiny frogs
  15 swamp worm zombies (Crypt:1)
  9 guardian mummies
  An ancient zyme (Abyss:4)
  14 demonic crawlers
  A troll (shapeshifter) (Elf:2)
  11 deep elf priests
  2 fire drakes
  12 freezing wraiths
  7 blue devils (IceCv)
  2 trolls (D:13)
  23 jumping spiders
  8 polar bears (Lair:8)
  A hydra skeleton (Crypt:3)
  13 two-headed ogres
  8 tarantella zombies (Spider:1)
  3 bog bodies
  54 slime creatures
  2 snapping turtles (shapeshifter)
  6 boulder beetles
  3 ushabtiu
  6 wyverns
  An alligator zombie (Crypt:1)
  7 giant leeches
  2 vampires
  2 raiju (Lair:8)
  20 blink frogs
  4 starcursed masses (Abyss:4)
  9 trapdoor spiders
  3 wraiths
  A shadow (D:14)
  An alligator skeleton (Crypt:1)
  29 redbacks
  A water elemental (Abyss:4)
  46 yaks
  17 tarantellas
  A yak (shapeshifter) (Vaults:5)
  8 hippogriffs
  A ynoxinul (Abyss:4)
  26 deep elf fighters
  A hungry ghost (D:14)
  Grum (D:8)
  34 deep elf magi
  2 neqoxecs (Abyss:4)
  A steam dragon (D:13)
  A steam dragon (shapeshifter) (Vaults:5)
  2 golden eyes (Abyss:4)
  24 vampire mosquitoes
  A naga (Swamp:2)
  2 swamp worm simulacra (Swamp:4)
  4 hogs (D:14)
  9 water moccasins (Lair:8)
  17 wolves
  A basilisk (D:13)
  16 swamp worms
  A gelid demonspawn zombie (Crypt:3)
  8 wargs
  4 insubstantial wisps (Swamp:1)
  A yaktaur simulacrum (Vaults:3)
  3 porcupines
  A water nymph skeleton (Crypt:3)
  A water moccasin (shapeshifter) (Vaults:3)
  5 swamp drakes
  A mottled dragon (shapeshifter) (Elf:2)
  3 sky beasts
  Duvessa (D:6)
  4 hell hounds (Lair:8)
  15 hydra simulacra (Swamp:4)
  A phantom (D:14)
  A soldier ant (D:13)
  A spiny frog skeleton (Crypt:3)
  13 black bears
  4 eyes of draining
  25 orc warriors
  3 large abominations
  26 spiders
  2 boggarts (D:13)
  A slave (D:9)
  49 ogres
  An eye of draining (shapeshifter) (Vaults:2)
  5 centaurs
  7 necrophages
  A swamp dragon skeleton (Crypt:3)
  11 wasps
  8 crocodiles
  A big kobold (Swamp:1)
  A fire crab zombie (Crypt:3)
  3 elf zombies (Ossuary)
  A komodo dragon zombie (Crypt:3)
  A gnoll sergeant (D:9)
  Dowan (D:6)
  6 spider zombies (Spider:1)
  8 giant frogs
  A hippogriff zombie (Crypt:3)
  2 scorpions
  6 killer bees (D:9)
  2 crimson imps
  11 wights
  2 centaur zombies
  A human simulacrum (Vaults:3)
  A demonspawn zombie (Crypt:1)
  2 draconian simulacra (IceCv)
  21 orc priests
  16 hounds
  23 jellies
  A giant frog skeleton (D:8)
  A centaur skeleton (D:8)
  13 worker ants
  2 troll simulacra (IceCv)
  33 orc wizards
  A spriggan simulacrum (Crypt:1)
  6 iguanas
  21 sheep
  A big kobold zombie (Ossuary)
  A killer bee zombie (D:6)
  A hound zombie (D:5)
  A hound skeleton (D:11)
  18 mummies
  16 adders
  A scorpion zombie (Crypt:1)
  A swamp drake zombie (Crypt:2)
  A worker ant zombie (D:8)
  3 gnolls (D:9)
  A naga simulacrum (IceCv)
  16 river rats
  A shadow imp (D:11)
  4 swamp drake simulacra (Swamp:4)
  An adder zombie (Ossuary)
  An adder skeleton (Crypt:2)
  4 giant geckos
  145 orcs
  2 bats
  2 giant cockroaches
  2 hobgoblins
  14 jackals
  2 quokkas
  A giant gecko zombie (D:6)
  3 giant newts
  3 goblins
  A goblin zombie (Ossuary)
  14 hobgoblin zombies (Ossuary)
  A jackal skeleton (Crypt:1)
  A jackal zombie (Ossuary)
  5 kobold zombies (Ossuary)
  10 orc zombies (Ossuary)
  A quokka skeleton (D:6)
  A rat (D:2)
  A briar patch (Swamp:2)
  A crawling corpse (Elf:1)
  2 fungi (Lair:8)
  A pillar of salt (Tomb:3)
  3 plants (Lair:8)
  2 starspawn tentacles (Abyss:4)
1784 creatures vanquished.

Vanquished Creatures (collateral kills)
  Mara (Swamp:4)
  3 acid blobs (Slime:6)
  An azure jelly (Slime:6)
  Louise (Swamp:4)
  An emperor scorpion (Spider:4)
  A death ooze (Slime:6)
  A wolf spider (Spider:4)
  4 oklob plants (Lair:8)
  A demonic crawler (Spider:4)
  A redback (Spider:4)
  A deep elf fighter (Elf:3)
  A jelly (Slime:6)
17 creatures vanquished.

Vanquished Creatures (others)
  A lich (Tomb:3)
  A revenant (Tomb:2)
  5 death scarabs (Tomb:3)
  A ball lightning (Tomb:3)
  A deep elf mage (Elf:2)
  9 flying skulls (Tomb:2)
  2 deep elf fighters (Vaults:5)
  A swamp worm (Swamp:4)
  An orc warrior (Vaults:5)
  A jelly (Slime:4)
  2 mummies (Tomb:2)
  A river rat (Lair:8)
  A kobold simulacrum (Tomb:2)
  A lost soul (Crypt:2)
  A lurking horror (Abyss:4)
  2 pillars of salt (Tomb:3)
  5 plants
  2 starspawn tentacles (Abyss:4)
  9 starspawn tentacle segments (Abyss:4)
  4 toadstools (D:1)
51 creatures vanquished.

Grand Total: 1852 creatures vanquished

Notes
Turn   | Place    | Note
--------------------------------------------------------------
     0 | D:1      | 4thArraOfDagon the Centaur Berserker began the quest for the Orb.
     0 | D:1      | Reached XP level 1. HP: 19/19 MP: 1/1
   101 | D:2      | Reached XP level 2. HP: 25/26 MP: 2/2
   286 | D:4      | Noticed a scorpion
   327 | D:4      | Killed a scorpion
   327 | D:4      | Acquired Trog's second power
   327 | D:4      | Reached XP level 3. HP: 17/31 MP: 3/3
   327 | D:4      | Reached XP level 4. HP: 21/38 MP: 4/4
   500 | D:4      | Got a blackened chain mail
   511 | D:4      | Identified the +3 chain mail "Ucoroefi" {Str+6} (You found it on level 4 of the Dungeon)
   600 | D:5      | Entered Level 5 of the Dungeon
   633 | D:5      | Reached skill level 4 in Polearms
   633 | D:5      | Reached XP level 5. HP: 46/46 MP: 5/5
   841 | D:6      | Noticed an ogre
   847 | D:6      | Killed an ogre
   847 | D:6      | Reached XP level 6. HP: 52/52 MP: 6/6
   852 | D:6      | Noticed an ogre
   899 | D:6      | Killed an ogre
   971 | D:6      | Noticed Duvessa
   971 | D:6      | Noticed Dowan
   979 | D:6      | Killed Duvessa
   979 | D:6      | Reached skill level 5 in Polearms
   979 | D:6      | Reached XP level 7. HP: 60/60 MP: 7/7
   982 | D:6      | Killed Dowan
  1072 | D:6      | Noticed a sky beast
  1085 | D:6      | Killed a sky beast
  1113 | D:6      | Found a basalt altar of Yredelemnul.
  1171 | D:6      | Found a glowing drain.
  1227 | D:6      | Noticed an ogre
  1262 | D:6      | Found a staircase to the Ecumenical Temple.
  1271 | D:6      | Killed an ogre
  1400 | D:8      | :(
  1428 | D:8      | Noticed a wyvern
  1436 | D:8      | Killed a wyvern
  1436 | D:8      | Reached skill level 5 in Fighting
  1436 | D:8      | Reached skill level 6 in Polearms
  1436 | D:8      | Reached XP level 8. HP: 68/68 MP: 8/8
  1450 | D:8      | You fall through a shaft for 2 floors!
  1450 | D:10     | Entered Level 10 of the Dungeon
  1451 | D:10     | :(
  1503 | D:10     | :(
  1535 | D:9      | :(
  1604 | D:8      | Noticed Maurice
  1627 | D:8      | Noticed Grum
  1630 | D:8      | Killed Maurice
  1630 | D:8      | Reached skill level 7 in Polearms
  1647 | D:8      | Reached XP level 9. HP: 75/75 MP: 9/9
  1657 | D:8      | Reached skill level 8 in Polearms
  1671 | D:8      | Gained mutation: You have a pair of small horns on your head. [mutagenic meat]
  1675 | D:8      | Gained mutation: You can spit weak poison. [mutagenic meat]
  1676 | D:8      | Gained mutation: You have a somewhat thin skeletal structure (Dex +2, Stealth). [mutagenic meat]
  1769 | D:8      | Killed Grum
  1808 | D:8      | Reached skill level 5 in Armour
  1974 | D:8      | Found a sand-covered staircase.
  1983 | Ossuary  | Entered an ossuary
  2143 | Ossuary  | Reached skill level 9 in Polearms
  2338 | D:9      | Noticed a centaur zombie
  2350 | D:9      | Killed a centaur zombie
  2407 | D:11     | Reached XP level 10. HP: 86/86 MP: 10/10
  2515 | D:10     | Acquired Trog's third power
  2515 | D:10     | Reached skill level 10 in Polearms
  2656 | D:10     | Found a staircase to the Orcish Mines.
  2839 | Orc:1    | Entered Level 1 of the Orcish Mines
  2918 | Orc:1    | Found Ampoff's Gadget Shop.
  3310 | Orc:4    | Entered Level 4 of the Orcish Mines
  3321 | Orc:4    | Received a gift from Trog
  3337 | Orc:4    | Reached skill level 11 in Polearms
  3384 | Orc:4    | Found a roughly hewn altar of Beogh.
  3816 | Orc:4    | Noticed an orc sorcerer
  3838 | Orc:4    | Reached XP level 11. HP: 95/95 MP: 11/11
  3842 | Orc:4    | Killed an orc sorcerer
  3901 | Orc:4    | Noticed an orc high priest
  3916 | Orc:4    | Received a gift from Trog
  3935 | Orc:4    | Killed an orc high priest
  3976 | Orc:4    | Noticed an orc sorcerer
  4003 | Orc:4    | Killed an orc sorcerer
  4033 | Orc:4    | Noticed an orc sorcerer
  4044 | Orc:4    | Noticed an orc sorcerer
  4051 | Orc:4    | Killed an orc sorcerer
  4051 | Orc:4    | Reached skill level 1 in Evocations
  4112 | Orc:4    | Killed an orc sorcerer
  4171 | Orc:4    | Found Non Ysaw's Weapon Shop.
  4171 | Orc:4    | Found Goekojuz's Armour Boutique.
  4172 | Orc:4    | Found Pokoup's Antique Armour Boutique.
  4181 | Orc:4    | Found Zyzxanoo's Antique Armour Shop.
  4192 | Orc:4    | Received a gift from Trog
  4197 | Orc:4    | Got a dazzling quarterstaff {god gift}
  4218 | Orc:4    | Bought the +8 trident of the Octopus King {venom, rElec rPois MR+} for 680 gold pieces
  4222 | Orc:4    | Bought an embroidered cloak for 162 gold pieces
  4223 | Orc:4    | Bought a dazzling scale mail for 342 gold pieces
  4223 | Orc:4    | Identified the cursed +1 scale mail "Rilesex" {*Drain Str+4 Int+3} (You bought it in a shop on level 4 of the Orcish Mines)
  4407 | Orc:3    | Noticed a cyclops
  4421 | Orc:3    | Killed a cyclops
  4439 | Orc:3    | Found Tohagrub's Antique Armour Emporium.
  4440 | Orc:3    | Found a staircase to the Elven Halls.
  4460 | Orc:3    | Noticed Snorg
  4470 | Orc:3    | Killed Snorg
  4844 | Orc:4    | Bought a dazzling chain mail for 342 gold pieces
  4854 | Orc:4    | Identified the +10 chain mail of Whack-A-Mole {Slay+3} (You bought it in a shop on level 4 of the Orcish Mines)
  4932 | Elf:1    | Entered Level 1 of the Elven Halls
  4932 | Elf:1    | Noticed a deep elf summoner
  4932 | Elf:1    | Noticed an orc high priest
  4939 | Elf:1    | Noticed an ice devil
  4939 | Elf:1    | Killed an orc high priest
  4939 | Elf:1    | Reached skill level 12 in Polearms
  4977 | Elf:1    | Killed a deep elf summoner
  5016 | Elf:1    | Noticed a deep elf summoner
  5018 | Elf:1    | Killed a deep elf summoner
  5018 | Elf:1    | Reached XP level 12. HP: 104/104 MP: 14/14
  5330 | Elf:1    | Reached skill level 5 in Dodging
  5369 | Elf:1    | Found Xuirph's One-of-a-Kind Books.
  5432 | Elf:1    | Noticed a deep elf summoner
  5436 | Elf:1    | Noticed a deep elf summoner
  5447 | Elf:1    | Killed a deep elf summoner
  5464 | Elf:1    | Killed a deep elf summoner
  5483 | Elf:1    | Noticed a deep elf demonologist
  5490 | Elf:1    | Noticed a Shadow Fiend
  5491 | Elf:1    | Killed a deep elf demonologist
  5491 | Elf:1    | Reached skill level 13 in Polearms
  5511 | Elf:1    | Identified the Handbook of Combat Magic and the Escort
  5691 | Elf:1    | Noticed a deep elf knight
  5691 | Elf:1    | Noticed a deep elf knight
  5710 | Elf:1    | Killed a deep elf knight
  5713 | Elf:1    | Killed a deep elf knight
  5757 | Elf:2    | Got an obsidian-encrusted scale mail
  5772 | Elf:2    | Identified the +2 scale mail "Ehiyxty" {*Contam rPois rC+ SInv} (You found it on level 2 of the Elven Halls)
  5818 | Elf:2    | Received a gift from Trog
  5844 | Elf:2    | Found Uqa Jyng's Food Shoppe.
  5960 | Elf:2    | Reached XP level 13. HP: 94/111 MP: 16/16
  5999 | Elf:3    | Entered Level 3 of the Elven Halls
  6037 | Elf:3    | Noticed Jorgrun
  6046 | Elf:3    | Killed Jorgrun
  6063 | Elf:3    | Reached skill level 14 in Polearms
  6169 | Elf:3    | Reached skill level 1 in Shields
  6258 | Elf:3    | Found an ancient bone altar of Kikubaaqudgha.
  6313 | Elf:2    | Reached skill level 10 in Fighting
  6592 | Elf:3    | Received a gift from Trog
  6682 | Elf:3    | Noticed a deep elf annihilator
  6752 | Elf:3    | Killed a deep elf annihilator
  6809 | Elf:3    | Noticed a deep elf annihilator
  6838 | Elf:3    | Killed a deep elf annihilator
  6877 | Elf:3    | Noticed a deep elf sorcerer
  6878 | Elf:3    | Noticed a deep elf annihilator
  6896 | Elf:3    | Killed a deep elf sorcerer
  6989 | Elf:3    | Noticed a deep elf annihilator
  7029 | Elf:3    | Killed a deep elf annihilator
  7084 | Elf:3    | Noticed a deep elf sorcerer
  7107 | Elf:3    | Killed a deep elf sorcerer
  7120 | Elf:3    | Noticed a deep elf sorcerer
  7121 | Elf:3    | Noticed a deep elf sorcerer
  7121 | Elf:3    | Noticed a deep elf sorcerer
  7139 | Elf:3    | Killed a deep elf sorcerer
  7147 | Elf:3    | Killed a deep elf sorcerer
  7147 | Elf:3    | Reached XP level 14. HP: 111/122 MP: 17/17
  7153 | Elf:3    | Noticed a deep elf annihilator
  7163 | Elf:3    | Killed a deep elf annihilator
  7244 | Elf:3    | Noticed Donald
  7326 | Elf:2    | Killed Donald
  7444 | Elf:3    | Reached skill level 15 in Polearms
  7572 | Elf:3    | Noticed a deep elf annihilator
  7604 | Elf:3    | Killed a deep elf annihilator
  7604 | Elf:3    | Reached skill level 5 in Shields
  7623 | Elf:3    | Noticed a deep elf demonologist
  7644 | Elf:3    | Killed a deep elf demonologist
  7679 | Elf:3    | Killed a deep elf annihilator
  7708 | Elf:3    | Killed a deep elf sorcerer
  7719 | Elf:3    | Noticed a deep elf demonologist
  7780 | Elf:3    | Killed a deep elf demonologist
  7785 | Elf:3    | Noticed a deep elf annihilator
  7799 | Elf:3    | Noticed a deep elf demonologist
  7820 | Elf:3    | Killed a deep elf demonologist
  7829 | Elf:3    | Noticed a deep elf master archer
  7840 | Elf:3    | Killed a deep elf master archer
  7850 | Elf:3    | Killed a deep elf annihilator
  8219 | Elf:3    | Noticed a deep elf demonologist
  8229 | Elf:3    | Killed a deep elf demonologist
  8259 | Elf:3    | Got a heavily runed graven amulet
  8265 | Elf:3    | Identified the amulet of the Twelve Songs {rN+ Regen+ Stlth+} (You took it off a deep elf high priest on level 3 of the Elven Halls)
  8314 | Elf:3    | Noticed a deep elf annihilator
  8424 | Elf:3    | Noticed a deep elf demonologist
  8440 | Elf:3    | Killed a deep elf demonologist
  8478 | Elf:3    | Killed a deep elf annihilator
  8488 | Elf:3    | Noticed a deep elf annihilator
  8682 | Elf:2    | Found a runed gate.
  8682 | Elf:2    | Found a runed gate.
  8767 | Elf:3    | Got a translucent silver amulet
  8770 | Elf:3    | Identified Rutokk's Almanac of Poisonous Moulding
  8777 | Elf:3    | Noticed a deep elf sorcerer
  8813 | Elf:3    | Noticed a deep elf demonologist
  8822 | Elf:3    | Killed a deep elf demonologist
  8828 | Elf:3    | Noticed a deep elf demonologist
  8843 | Elf:3    | Killed a deep elf demonologist
  8875 | Elf:3    | Noticed a deep elf annihilator
  8890 | Elf:3    | Killed a deep elf annihilator
  8977 | Elf:3    | Noticed a deep elf sorcerer
  8994 | Elf:3    | Killed a deep elf sorcerer
  9048 | Elf:3    | Identified Iskenderun's Papyrus of Combat Magic
  9050 | Elf:3    | Identified Sif Muna's Compendium of the Glacial Rocks
  9069 | Elf:3    | Received a gift from Trog
  9069 | Elf:3    | Reached XP level 15. HP: 130/130 MP: 18/18
  9091 | Elf:3    | Got a sparkling golden amulet
  9112 | Elf:3    | Killed a deep elf sorcerer
  9261 | Orc:3    | Identified the amulet "Xofadeco" {Stasis +Fly Dex-3 Slay+6 Stlth-} (You took it off a deep elf knight on level 3 of the Elven Halls)
  9263 | Orc:3    | Identified the amulet of Nicakk {Inacc rF- rN+ MR+ Int+2 SInv} (You found it on level 3 of the Elven Halls)
  9409 | D:9      | Noticed a five-headed hydra
  9412 | D:9      | Killed a five-headed hydra
  9438 | D:9      | Noticed Pikel
  9445 | D:9      | Killed Pikel
  9667 | D:11     | Noticed a green ugly thing
  9673 | D:11     | Killed a green ugly thing
  9921 | D:11     | Found a bloodstained altar of Trog.
 10032 | D:11     | Found a staircase to the Lair.
 10035 | Lair:1   | Entered Level 1 of the Lair of Beasts
 10102 | Lair:3   | Found a staircase to the Swamp.
 10153 | Swamp:1  | Entered Level 1 of the Swamp
 10169 | Swamp:1  | Reached skill level 16 in Polearms
 10245 | Swamp:1  | Reached skill level 10 in Armour
 10262 | Swamp:1  | Drew Focus: Str increased to 28, Int decreased to 5
 10263 | Swamp:1  | Drew Focus: Str increased to 29, Int decreased to 4
 10267 | Swamp:1  | Lost mutation: You can spit weak poison. [helix card]
 10267 | Swamp:1  | Gained mutation: You can spit weak poison. [helix card]
 10326 | Swamp:2  | Noticed a thorn hunter
 10341 | Swamp:2  | Killed a thorn hunter
 10602 | Swamp:2  | Received a gift from Trog
 10727 | Swamp:4  | Entered Level 4 of the Swamp
 10966 | Swamp:4  | Noticed Aizul
 11146 | Swamp:4  | Killed Aizul
 11224 | Swamp:4  | Noticed Louise
 11225 | Swamp:4  | Noticed Mara
 11293 | Swamp:4  | Noticed 4thArraOfDagon's illusion
 11295 | Swamp:4  | Killed Mara
 11302 | Swamp:4  | Killed Louise
 11371 | Swamp:4  | Noticed an azure jelly
 11380 | Swamp:4  | Killed an azure jelly
 11508 | Swamp:4  | Reached XP level 16. HP: 112/139 MP: 19/19
 11554 | Swamp:4  | Got a decaying rune of Zot
 11900 | Lair:4   | Found a bloodstained altar of Trog.
 12007 | Lair:4   | Found a frozen archway.
 12026 | IceCv    | Entered an ice cave
 12568 | Lair:7   | Received a gift from Trog
 12646 | Lair:8   | Entered Level 8 of the Lair of Beasts
 12683 | Lair:8   | Reached skill level 17 in Polearms
 13060 | Lair:8   | Received a gift from Trog
 13327 | Lair:8   | Received a gift from Trog
 13407 | Lair:8   | Got a steaming demon trident
 13408 | Lair:8   | Identified the +6 demon trident of Reinforcement {venom, rElec rF- rC- SInv} (You found it on level 8 of the Lair of Beasts)
 13429 | Lair:8   | Reached skill level 5 in Evocations
 13528 | Lair:8   | Found a staircase to the Slime Pits.
 13620 | Lair:6   | Found a hole to the Spider Nest.
 13649 | Spider:1 | Entered Level 1 of the Spider Nest
 13680 | Spider:1 | Reached skill level 10 in Shields
 13716 | Spider:1 | Reached XP level 17. HP: 114/148 MP: 21/21
 13807 | Spider:1 | Noticed Rupert
 13819 | Spider:1 | Killed Rupert
 14077 | Spider:2 | Received a gift from Trog
 14249 | Spider:4 | Entered Level 4 of the Spider Nest
 14458 | Spider:4 | Paralysed by a hornet for 2 turns
 14586 | Spider:4 | Received a gift from Trog
 14911 | Spider:4 | Reached skill level 18 in Polearms
 15128 | Spider:4 | Received a gift from Trog
 15133 | Spider:4 | Got a gossamer rune of Zot
 15537 | Slime:1  | Entered Level 1 of the Pits of Slime
 15545 | Slime:1  | Reached XP level 18. HP: 158/158 MP: 23/23
 15891 | Slime:6  | Entered Level 6 of the Pits of Slime
 16050 | Slime:6  | Found a viscous altar of Jiyva.
 16076 | Slime:6  | Noticed the royal jelly
 16091 | Slime:6  | Killed the royal jelly
 16182 | Slime:5  | Received a gift from Trog
 16320 | Slime:4  | Gained mutation: Your magical capacity is low (-10% MP). [a shining eye]
 16342 | Slime:4  | Gained mutation: You are dopey. (Int -2) [a shining eye]
 16789 | Slime:6  | Got a slimy rune of Zot
 16884 | Slime:6  | Got a jade-encrusted chain mail
 17066 | Slime:6  | Got a brightly glowing trident
 17068 | Slime:6  | Identified the +12 trident of Void {flame, rPois Str+6 Dex-5 SInv} (You found it on level 6 of the Pits of Slime)
 17070 | Slime:6  | Identified the cursed +1 chain mail "Vaeney" {Dex+4} (You found it on level 6 of the Pits of Slime)
 17175 | Lair:8   | Upgraded the game from 0.17-a0-1831-gaadb308 to 0.17-a0-1838-g891d947
 17703 | Temple   | Entered the Ecumenical Temple
 17841 | Temple   | Fell from the grace of Trog
 17841 | Temple   | Became a worshipper of Zin the Law-Giver
 17841 | Temple   | Acquired Zin's first power
 17841 | Temple   | Acquired Zin's second power
 17851 | Temple   | Donated 1128 gold pieces to Zin
 17898 | D:7      | Acquired Zin's third power
 17965 | D:11     | Noticed Fannar
 17974 | D:11     | Killed Fannar
 18071 | D:13     | Reached skill level 1 in Invocations
 18167 | D:13     | Got a jewelled chain mail
 18168 | D:13     | Identified the cursed +1 chain mail of Miableh {Int+4} (You found it on level 13 of the Dungeon)
 18191 | D:13     | Learned a level 1 spell: Apportation
 18202 | D:13     | Learned a level 2 spell: Repel Missiles
 18206 | D:13     | Learned a level 3 spell: Spectral Weapon
 18209 | D:13     | Learned a level 2 spell: Swiftness
 18520 | D:14     | Noticed Nessos
 18533 | D:14     | Killed Nessos
 18536 | D:14     | :/
 18546 | D:14     | Reached XP level 19. HP: 164/167 MP: 22/22
 18665 | D:13     | Reached skill level 1 in Translocations
 18789 | D:14     | Found Rymnaroy's Magic Scroll Emporium.
 18797 | D:14     | Bought a scroll of magic mapping for 52 gold pieces
 18797 | D:14     | Bought a scroll of blinking for 112 gold pieces
 18797 | D:14     | Bought a scroll of teleportation for 45 gold pieces
 18797 | D:14     | Bought a scroll of teleportation for 45 gold pieces
 18828 | D:14     | Noticed Kirke
 18852 | D:14     | Killed Kirke
 18866 | D:14     | Acquired Zin's fourth power
 18870 | D:14     | Found a gate to the Vaults.
 18952 | Vaults:1 | Entered Level 1 of the Vaults
 18955 | Vaults:1 | Reached skill level 1 in Spellcasting
 19330 | Vaults:2 | Reached skill level 19 in Polearms
 19677 | Vaults:4 | Found Ryroq's Antique Weapon Boutique.
 19808 | Vaults:4 | Reached skill level 5 in Invocations
 19911 | Vaults:5 | Entered Level 5 of the Vaults
 20500 | Vaults:4 | Reached skill level 5 in Translocations
 20823 | Vaults:4 | Reached XP level 20. HP: 169/174 MP: 24/24
 20996 | Vaults:5 | Reached skill level 5 in Spellcasting
 21212 | Vaults:5 | Noticed an ancient lich
 21223 | Vaults:5 | Killed an ancient lich
 21524 | Vaults:5 | Got a smoking plate armour
 21525 | Vaults:5 | Identified the cursed +0 plate armour "Zizaehoo" {*Corrode rPois rCorr Stlth+} (You took it off a deep elf high priest on level 5 of the Vaults)
 21593 | Vaults:5 | Noticed a golden dragon
 21593 | Vaults:5 | an acid blob changed into a golden dragon
 21601 | Vaults:5 | Killed a golden dragon
 21909 | Vaults:5 | Noticed an ancient lich
 21998 | Vaults:5 | Killed an ancient lich
 22322 | Vaults:5 | Reached skill level 10 in Invocations
 22330 | Vaults:5 | Reached XP level 21. HP: 146/181 MP: 28/28
 22359 | Vaults:5 | Noticed Boris
 22387 | Vaults:5 | Killed Boris
 22692 | Vaults:5 | Identified Oraz's Catalogue of Creative Beguiling (You found it on level 5 of the Vaults)
 23083 | Vaults:5 | Noticed Saint Roka
 23169 | Vaults:5 | Killed Saint Roka
 23299 | Vaults:5 | Identified a scroll of acquirement
 23300 | Vaults:5 | Got a crude hat
 23311 | Vaults:5 | Identified the +0 hat of Eshrugh {*Corrode Str+3 Int+2 Dex+3} (You acquired it on level 5 of the Vaults)
 23351 | Vaults:5 | Got a silver rune of Zot
 23437 | Vaults:5 | Identified the Catalogue of the Oath
 23444 | Vaults:5 | Learned a level 5 spell: Silence
 23539 | Vaults:5 | Identified the Incunabulum of Translocation (You found it on level 5 of the Vaults)
 23543 | Vaults:5 | Learned a level 2 spell: Blink
 23543 | Vaults:5 | yap
 23548 | Vaults:5 | Learned a level 4 spell: Passage of Golubria
 23551 | Vaults:5 | Identified the Tome of Activism
 23561 | Vaults:5 | Learned a level 5 spell: Summon Forest
 23830 | Vaults:3 | Noticed an ancient lich
 23842 | Vaults:3 | Cast into the Abyss (an ancient lich)
 23842 | Abyss:1  | Found a corrupted altar of Lugonu.
 23847 | Abyss:1  | thx
 23925 | Abyss:1  | Found a corrupted altar of Lugonu.
 24428 | Abyss:4  | Got an abyssal rune of Zot
 24497 | Vaults:3 | Escaped the Abyss
 24702 | Vaults:3 | Killed an ancient lich
 24702 | Vaults:3 | Reached skill level 10 in Translocations
 24800 | Vaults:3 | Found a staircase to the Crypt.
 24803 | Crypt:1  | Entered Level 1 of the Crypt
 24917 | Crypt:1  | Reached skill level 1 in Charms
 24929 | Crypt:1  | Reached skill level 1 in Air Magic
 25233 | Crypt:2  | Reached XP level 22. HP: 182/189 MP: 28/30
 25244 | Crypt:2  | Got a pitted halberd
 25245 | Crypt:2  | Identified the +5 halberd of Fedhas's Generosity {chop, Int-5 Dex+7} (You found it on level 2 of the Crypt)
 25304 | Crypt:3  | Entered Level 3 of the Crypt
 25359 | Crypt:3  | Noticed an ancient lich
 25376 | Crypt:3  | Killed an ancient lich
 25467 | Crypt:3  | Found a staircase to the Tomb.
 25700 | Tomb:1   | Entered Level 1 of the Tomb of the Ancients
 25702 | Tomb:1   | tomb for the rescue!
 25999 | Crypt:3  | Found a basalt altar of Yredelemnul.
 26001 | Crypt:3  | Found an ancient bone altar of Kikubaaqudgha.
 26045 | Crypt:3  | Got a glittering bronze amulet
 26046 | Crypt:3  | Identified the amulet "Hipnuuss" {Ward rN+ Slay+3} (You found it on level 3 of the Crypt)
 26047 | Crypt:3  | need more amulets rotfl
 26048 | Crypt:3  | Got a shimmering wooden ring
 26049 | Crypt:3  | Identified the ring of Virtue {rN+ Stlth+} (You found it on level 3 of the Crypt)
 26050 | Crypt:3  | :)
 26053 | Crypt:3  | Got a twitching crystal amulet
 26054 | Crypt:3  | Identified the amulet "Himnab" {Ward rN+ Slay+2} (You found it on level 3 of the Crypt)
 26058 | Crypt:3  | Identified the Grimoire of Dark Magic (You found it on level 3 of the Crypt)
 26084 | Crypt:3  | Identified the Volume of Torrid Attacks (You found it on level 3 of the Crypt)
 26400 | Tomb:1   | Noticed Frederick
 26419 | Tomb:1   | Killed Frederick
 26419 | Tomb:1   | Reached skill level 15 in Shields
 26477 | Tomb:1   | Noticed a greater mummy
 26496 | Tomb:2   | Reached skill level 1 in Summonings
 26517 | Tomb:2   | :/
 26788 | Tomb:3   | Entered Level 3 of the Tomb of the Ancients
 26795 | Tomb:3   | ROTFL
 26803 | Tomb:3   | Noticed an ancient lich
 26815 | Tomb:3   | Got a shimmering plate armour
 26817 | Tomb:3   | Got a clouded iron amulet
 26834 | Tomb:3   | Identified the amulet of Qifor {Ward rN+ Str+2 Int+2 Dex+4} (You found it on level 3 of the Tomb of the Ancients)
 26835 | Tomb:3   | :)
 26836 | Tomb:3   | Got a coiled brass ring
 26837 | Tomb:3   | Identified the ring "Niolih" {SustAt rF+} (You found it on level 3 of the Tomb of the Ancients)
 26867 | Tomb:3   | Noticed a greater mummy
 26905 | Tomb:3   | Got a slimy bronze ring
 26916 | Tomb:3   | HP: 9/189 [anubis guard/quarterstaff (8)]
 26922 | Tomb:3   | Identified the ring "Miar" {rElec rN+ MR+ Int-2 SInv} (You found it on level 3 of the Tomb of the Ancients)
 26932 | Tomb:3   | Identified the cursed +1 plate armour of Gravity {rC++ Str+4 Dex-4} (You found it on level 3 of the Tomb of the Ancients)
 26941 | Tomb:3   | Got a garnet-encrusted chain mail
 26947 | Tomb:3   | Identified the Incunabulum of Companions (You found it on level 3 of the Tomb of the Ancients)
 26950 | Tomb:3   | Identified the Disquisition on Clay (You found it on level 3 of the Tomb of the Ancients)
 27159 | Tomb:3   | rolling part 2
 27169 | Tomb:3   | Noticed a greater mummy
 27169 | Tomb:3   | Noticed a greater mummy
 27237 | Tomb:3   | why
 27239 | Tomb:3   | Noticed a greater mummy
 27265 | Tomb:3   | Noticed a greater mummy
 27265 | Tomb:3   | Noticed a greater mummy
 27265 | Tomb:3   | Noticed a greater mummy
 27270 | Tomb:3   | Got a golden rune of Zot
 27284 | Tomb:3   | Noticed a greater mummy
 27298 | Tomb:3   | Slain by a death scarab

Vault maps used:
D:1:      ldierk_water_garden, nrook_loot_triangle
D:2:      first_bread, kennysheep_generic_room_2, uniq_iyjb
D:3:      elyvilon_altar_3, uniq_jessica
D:4:      hangedman_minor_gate_pass
D:5:      minmay_misc_feat_columns, uniq_crazy_yiuf_cottage
D:6:      lemuel_round_altar, minmay_temple_entry_from_below_b,
          gup_sewer_entry_glass, roderic_batcave, uniq_duvessa
D:7:      lemuel_crystal_altar, gammafunk_temple_overflow_claw,
          hangedman_abyss_or_decor_lesser_grid
D:8:      nicolae_ossuary_entry_monument, grunt_ogre_cave, uniq_grum,
          uniq_maurice
D:9:      minmay_distorted_concentric_squares, lemuel_round_altar, uniq_pikel
D:10:     orc_0_dummy, spider_trap
D:11:     lair_0_dummy, basic_altar, uniq_fannar
D:12:     minmay_crystal_water
D:13:     minmay_smoke_and_mirrors, st_stairs_9
D:14:     erik_vaults_1, serial_shops,
          nicolae_shop_temple_entry_statues_fountains, kennysheep_path_1,
          uniq_nessos, uniq_kirke
Temple:   oiseaux_autumnal_temple_12
Lair:1:   eino_small_chamber_without_monster, infiniplex_staircase_pool_2,
          lemuel_fruit_tree
Lair:2:   st_stairs_6, grunt_forest_large_clearing_hut
Lair:3:   minmay_swamp_entry_reptiles
Lair:4:   portal_ice_cave_entry_pillars_01, basic_altar
Lair:5:   minivault_25
Lair:6:   spider_nest_entry_webs, roderic_carrion_pond
Lair:7:   minmay_stone_trees_small
Lair:8:   hangedman_lair_tendril_chambers, hangedman_lair_caniforms_friends,
          minmay_slime_entry_oklob_open
Swamp:1:  evilmike_swamp_ruin_house_6
Swamp:2:  infiniplex_staircase_pool
Swamp:3:  evilmike_swamp_ruin_house_4
Swamp:4:  swamp_icy, swamp_pool4, evilmike_swamp_ruin_house_5, uniq_mara,
          uniq_aizul, uniq_louise
Spider:1: lemuel_spider_zombies, guppyfry_wasp_nest, uniq_rupert
Spider:2: hive_lemuel
Spider:4: grunt_spider_rune_island
Slime:4:  cheibrodos_slime_lost_civilization_3
Orc:1:    serial_shops, shop
Orc:3:    minmay_goldmine, serial_shops, shop, nicolae_orc_pool_cavern,
          uniq_snorg
Orc:4:    st_orc_mages, mines2_david
Elf:1:    minmay_elf_sorcery, nicolae_rare_books, grunt_megastairs_5
Elf:2:    serial_shops, nicolae_shop_behind_doors, nicolae_elf_m_pinch
Elf:3:    minmay_elf_hall_golems, basic_altar, nrook_mini_backslash,
          serial_sigils_hangedman_gut, uniq_jorgrun, uniq_donald
Vaults:1: hangedman_vaults_nails, hangedman_vaults_stagger,
          ontoclasm_vaults_twist, hangedman_vaults_hat, st_check,
          hangedman_vaults_cutoff, hangedman_vaults_impose, grunt_vaults_funnel
Vaults:2: ontoclasm_vaults_fault, v_misc_23, grunt_vaults_swirl,
          nicolae_vaults_circle_grid_a, nicolae_vaults_little_squares_3,
          vaults_room_fours, hangedman_vaults_impose, v_misc_24,
          grunt_vaults_diagonal, v_rooms_6, hangedman_vaults_hard_town_square,
          ontoclasm_vaults_spin, nicolae_vaults_little_squares_2,
          hangedman_vaults_corner, nicolae_vaults_little_squares_2,
          vaults_dpeg_hooks
Vaults:3: vaults_room_fancy_cross, grunt_vaults_funneled_arena,
          vaults_room_pool, vaults_room_door_hall, vaults_room_pool,
          hangedman_vaults_slither, hangedman_vaults_unwind,
          nicolae_vaults_little_squares_3, nicolae_vaults_diagonal_hallway_7,
          minmay_crypt_entry_simple_box, v_alt_pattern_1,
          nicolae_vaults_little_squares_6, v_misc_4,
          vaults_mumra_minichess_inversion, v_alt_pattern_2,
          nicolae_vaults_diagonal_hallway_8, ontoclasm_vaults_decontamination
Vaults:4: ontoclasm_vaults_shuriken, ontoclasm_vaults_chip,
          grunt_vaults_hallway_long, vaults_room_door_ring,
          ontoclasm_vaults_loading_screen, vaults_room_mumra_shop_pool,
          st_spiral_rooms
Vaults:5: uniq_saint_roka, uniq_boris
Crypt:1:  st_stairs_4, library_closet, lemuel_dead_fish_pool,
          grunt_crypt_arrival_guarded_gate
Crypt:2:  lemuel_elevator
Crypt:3:  lightli_unholy_cathedral
Tomb:1:   uniq_frederick
Abyss:2:  hangedman_abyss_or_decor_passed
Abyss:3:  evilmike_abyss_exit_13, nicolae_abyss_rune_left_handed
Abyss:4:  hangedman_abyss_mock_shop, evilmike_abyss_rune_shrine, minivault_23
Ossuary:  ossuary_tomb_1
IceCv:    ice_cave_tombish

Action                   |  1- 3 |  4- 6 |  7- 9 | 10-12 | 13-15 | 16-18 | 19-21 | 22-24 || total
-------------------------+-------+-------+-------+-------+-------+-------+-------+-------++-------
Melee: Spear             |    75 |    89 |   325 |   343 |       |       |       |       ||   832
       Trident           |       |       |       |   261 |   786 |  1295 |  1506 |   478 ||  4326
       Demon trident     |       |       |       |       |       |   452 |       |       ||   452
 Cast: Passage of Golubr |       |       |       |       |       |       |     1 |     4 ||     5
       Blink             |       |       |       |       |       |       |       |    10 ||    10
       Apportation       |       |       |       |       |       |       |       |     5 ||     5
       Repel Missiles    |       |       |       |       |       |       |       |     2 ||     2
Invok: Berserk           |     2 |     8 |     9 |    15 |    15 |    10 |       |       ||    59
       Trog's Hand       |       |     1 |     4 |    16 |    29 |    30 |       |       ||    80
       Brothers in Arms  |       |       |       |     2 |     7 |    10 |       |       ||    19
       Burn Spellbooks   |       |       |       |       |     1 |       |       |       ||     1
       Vitalisation      |       |       |       |       |       |     1 |    11 |    11 ||    23
       Recite            |       |       |       |       |       |     1 |     3 |    12 ||    16
       Donate Gold       |       |       |       |       |       |     1 |       |       ||     1
       Sanctuary         |       |       |       |       |       |       |     1 |     3 ||     4
       Imprison          |       |       |       |       |       |       |       |     1 ||     1
 Abil: Evoke Flight      |       |       |       |       |     1 |     2 |       |       ||     3
       Evoke Teleportati |       |       |       |       |       |       |    13 |    13 ||    26
Evoke: Wand              |       |       |       |     3 |     2 |     7 |     1 |     2 ||    15
       Deck              |       |       |       |       |    17 |       |     1 |     4 ||    22
       Sack of spiders   |       |       |       |       |       |       |     6 |       ||     6
       Staff of energy   |       |       |       |       |       |       |       |     5 ||     5
  Use: Scroll            |     1 |     5 |     8 |     9 |    10 |    24 |    19 |    12 ||    88
       Potion            |     1 |       |       |     1 |       |     5 |     6 |    12 ||    25
 Stab: Distracted        |       |       |       |     2 |       |     1 |       |       ||     3
       Confused          |       |       |       |       |     1 |       |     1 |     1 ||     3
       Held in net/web   |       |       |       |       |       |       |       |     1 ||     1
  Eat: Chunk             |       |     9 |    16 |    29 |    34 |     4 |     3 |       ||    95
       Beef jerky        |       |       |     1 |       |       |     7 |     3 |       ||    11
       Fruit             |       |       |       |       |     2 |     6 |     6 |     2 ||    16
       Royal jelly       |       |       |       |       |     1 |    11 |     2 |       ||    14
       Pizza             |       |       |       |       |     1 |       |     1 |       ||     2
       Bread ration      |       |       |       |       |       |       |     4 |     4 ||     8
